AoeStats
← TTVSeanyBoyHoops

Black Forest

510019263Analyzed
2v2 RM · 5d ago on Sep 29, 2026· 94m 49s· 4 players
Game mode
Random Map
Map size
Medium (4 player)
Population
200
Speed
Normal
Resources
Standard
Victory
Conquest
Starting age
Dark Age
Ending age
Imperial Age
RankedLock teamsTeams togetherTeam positionsShared explorationLock speedFull tech treeHidden civsTurbo modeCheats
Victory
Defeat
🇺🇸 Varangians · United States
796
+18
🇺🇸 Danes · United States
777
+19
🇧🇷 Franks · Brazil
851
-19
🇧🇷 Ethiopians · Brazil
839
-18
Jovem Padawan
0:27 Loom
16:21 Feudal Age
17:23 Double-Bit Axe
19:27 Wheelbarrow
20:07 Padded Archer Armor
19:57 Fletching
20:12 Town Watch
23:48 Castle Age
23:14 Stone Mining
23:10 Horse Collar
23:51 Crossbowman
25:04 Bow Saw
24:48 Gold Mining
25:43 Heavy Plow
27:49 Leather Archer Armor
31:27 Hand Cart
34:57 Ballistics
35:36 Town Patrol
35:59 Bodkin Arrow
36:41 Squires
37:06 Scale Mail Armor
42:07 Imperial Age
40:47 Forging
40:54 Chain Mail Armor
42:13 Iron Casting
42:11 Thumb Ring
43:56 Plate Mail Armor
43:26 Bracer
43:57 Ring Archer Armor
42:51 Arbalester
43:01 Arbalester
46:08 Two-Man Saw
46:21 Caravan
46:52 Coinage
46:32 Guilds
50:16 Blast Furnace
49:21 Torsion Engines
49:41 Conscription
48:42 Elite Shotel Warrior
49:23 Royal Heirs
50:11 Banking
51:14 Chemistry
50:10 Murder Holes
50:26 Masonry
50:26 Fortified Wall
52:25 Siege Engineers
52:12 Onager
55:35 Elite Skirmisher
59:02 Architecture
58:45 Siege Onager
Neemias__OLI
0:31 Loom
18:36 Feudal Age
20:01 Double-Bit Axe
24:13 Wheelbarrow
26:23 Scale Barding Armor
28:48 Castle Age
27:48 Scale Barding Armor
29:40 Husbandry
40:35 Imperial Age
39:54 Gold Mining
39:54 Stone Mining
40:21 Squires
46:00 Chivalry
46:54 Chain Barding Armor
46:46 Forging
46:37 Scale Mail Armor
47:00 Hand Cart
46:32 Town Watch
46:55 Cavalier
48:41 Paladin
54:46 Caravan
55:17 Coinage
55:01 Murder Holes
55:18 Masonry
55:16 Siege Engineers
55:22 Fortified Wall
55:04 Guard Tower
54:59 Arrowslits
56:15 Chemistry
55:36 Ballistics
54:56 Treadmill Crane
55:57 Plate Barding Armor
55:37 Chain Mail Armor
55:58 Iron Casting
55:05 Ordonnance Companies
55:32 Light Cavalry
56:01 Pikeman
59:27 Hoardings
59:16 Conscription
58:23 Halberdier
59:59 Gold Shaft Mining
59:39 Bow Saw
61:41 Cranequins
61:41 Heavy Mounted Crossbowman
62:56 Plate Mail Armor
62:27 Padded Archer Armor
62:17 Fletching
75:05 Blast Furnace
74:01 Bodkin Arrow
74:21 Leather Archer Armor
76:06 Banking
75:41 Elite Throwing Axeman
78:56 Gambesons
86:00 Onager
TTVSeanyBoyHoops
1:09 Loom
19:35 Feudal Age
23:20 Castle Age
21:12 Double-Bit Axe
27:51 Horse Collar
29:46 Bow Saw
33:28 Wheelbarrow
34:52 Hand Cart
34:48 Gold Mining
35:31 Heavy Plow
35:20 Elite Skirmisher
36:45 Stone Mining
36:45 Town Watch
37:57 Fletching
38:07 Padded Archer Armor
41:37 Imperial Age
40:41 Ballistics
40:32 Fortified Wall
41:26 Stone Shaft Mining
41:05 Scale Barding Armor
41:11 Forging
42:48 Crop Rotation
43:20 Two-Man Saw
41:51 Cranequins
43:15 Bodkin Arrow
43:46 Leather Archer Armor
44:54 Chemistry
44:30 Heavy Mounted Crossbowman
45:18 Elite Varangian Guard
47:11 Squires
46:56 Gambesons
46:57 Arson
48:03 Iron Casting
47:30 Bracer
48:25 Caravan
49:04 Ring Archer Armor
49:12 Iron Casting
48:37 Scale Mail Armor
49:33 Guilds
49:55 Coinage
50:38 Conscription
49:47 Gothikon
51:13 Banking
51:02 Murder Holes
50:54 Treadmill Crane
52:34 Blast Furnace
51:52 Chain Mail Armor
51:10 Elite Jarl
58:56 Plate Mail Armor
58:48 Chain Barding Armor
61:36 Plate Barding Armor
63:18 Siege Engineers
63:05 Guard Tower
64:56 Bloodlines
64:47 Husbandry
66:01 Masonry
79:18 Capped Ram
80:14 Siege Ram
TTV-MAXTHEEGOAT
0:28 Loom
14:20 Feudal Age
20:01 Castle Age
18:37 Double-Bit Axe
19:03 Horse Collar
22:37 Stone Mining
24:03 Bow Saw
24:33 Wheelbarrow
27:40 Gold Mining
28:56 Heavy Plow
33:24 Imperial Age
35:39 Elite Skirmisher
41:27 Gambesons
43:54 Thumb Ring
47:48 Hand Cart
47:28 Hamask
49:18 Gold Shaft Mining
49:19 Stone Shaft Mining
51:53 Caravan
54:48 Elite Varangian Guard
54:50 Man-at-Arms
55:30 Squires
55:16 Arson
55:37 Heavy Mounted Crossbowman
55:38 Cranequins
57:39 Elite Jomsviking
61:25 Chemistry
60:46 Ballistics
60:34 Siege Engineers
59:54 Onager
62:10 Bloodlines
62:01 Husbandry
62:06 Fishing Lines
63:36 Fletching
63:47 Padded Archer Armor
63:47 Scale Mail Armor
63:58 Forging
63:54 Scale Barding Armor
63:51 Siege Onager
64:59 Heated Shot
65:21 Masonry
64:57 Arrowslits
65:03 Guard Tower
65:09 Murder Holes
65:14 Bodkin Arrow
65:35 Leather Archer Armor
66:08 Northmen's Fury
66:54 Town Watch
70:46 Pikeman
83:22 Halberdier
Connection lost

Rejoining the realm…

Still unreachable

The connection could not be restored.

Session expired

The server has moved on; the page needs a fresh start.